 Dungeon Crawl Stone Soup version 0.29.1-14-g9c671dbff4 (webtiles) character file.

Game seed: 9935721546198217046

77 MisterFreud the Twirler (level 4, 0/33 HPs)
             Began as a Formicid Gladiator on Feb 13, 2023.
             Slain by Grinder (7 damage)
             ... on level 3 of the Dungeon.
             The game lasted 00:02:09 (2314 turns).

MisterFreud the Twirler (Formicid Gladiator)        Turns: 2314, Time: 00:02:09

Health: 0/33       AC:  9    Str: 20    XL:     4   Next: 60%
Magic:  4/4        EV:  8    Int:  8    God:
Gold:   142        SH:  0    Dex: 15    Spells: 3/3 levels left

rFire   . . .      SeeInvis +   a - +1 quarterstaff
rCold   . . .      Faith    .   (no shield)
rNeg    . . .      Spirit   .   h - +1 chain mail
rPois   .          Reflect  .   (helmet unavailable)
rElec   .          Harm     .   (no cloak)
rCorr   .          Rampage  .   (no gloves)
Will    .....                   (no boots)
Stlth   ..........              (no amulet)
HPRegen 0.11/turn               (no ring)
MPRegen 0.09/turn               (no ring)

@: no status effects
A: permanent stasis, dig shafts and tunnels, antennae 3, four strong arms
a: Dig, Shaft Self


You were on level 3 of the Dungeon.
You visited 1 branch of the dungeon, and saw 3 of its levels.

You collected 142 gold pieces.

Inventory:

Hand Weapons
 a - a +1 quarterstaff (weapon)
Missiles
 c - 3 throwing nets (quivered)
 d - a javelin
Armour
 b - a +0 leather armour
 h - a +1 chain mail (worn)
Scrolls
 g - 2 scrolls of enchant weapon
 j - a scroll of magic mapping
Potions
 e - a potion of curing {unknown}
 f - 2 potions of heal wounds
 k - a potion of resistance
 l - a potion of flight
 m - 2 potions of lignification {unknown}
 n - 3 potions of magic


   Skills:
 - Level 2.1 Fighting
 + Level 5.0 Staves
 - Level 2.0 Throwing
 - Level 2.6 Dodging


You had 3 spell levels left.
You didn't know any spells.
Your spell library contained the following spells:

 Spells                   Type           Power      Damage    Failure   Level
 Foxfire                  Conj/Fire      0%         2x1d4     99%         1
 Static Discharge         Conj/Air       0%         3-3/arc   100%        2
 Conjure Flame            Conj/Fire      0%         6-21      100%        3
 Inner Flame              Hex/Fire       0%         N/A       100%        3
 Ozocubu's Armour         Ice            0%         N/A       100%        3
 Flame Wave               Conj/Fire      0%         2d4       100%        4
 Lightning Bolt           Conj/Air       0%         1d11      100%        5
 Ozocubu's Refrigeration  Ice            0%         4d7       100%        7
 Maxwell's Capacitive Co  Air            0%         ∞         100%        8


Dungeon Overview and Level Annotations

Branches:
Dungeon (3/15)

Altars:
Qazlal

Annotations:
D:3 Grinder


Innate Abilities, Weirdness & Mutations

You cannot be hasted, slowed, berserked, paralysed or teleported.
You can dig through walls and to a lower floor.
You have a pair of large antennae on your head. (SInv)
Your four strong arms can wield two-handed weapons with a shield.


Message History

A ball python is nearby!
You thump the ball python!
You kill the ball python!
You sense a monster nearby.
No target in view!
Found a club.
No target in view!
Found a stormy altar of Qazlal.
No target in view!
A goblin comes into view. It is wielding a +0 quarterstaff.
The goblin shouts!
You hear a shout!
Grinder comes into view.
There are monsters nearby!
You hit the goblin.
You kill the goblin!
Things that are here:
a +0 quarterstaff; a +0 scale mail Grinder hits you.
You writhe in agony.
You closely miss Grinder. Grinder barely misses you.
You hit Grinder.
Grinder is lightly wounded.
Grinder gestures at you.
Your stasis prevents you from being paralysed.
You hit Grinder.
Grinder is moderately wounded.
Grinder closely misses you.
You closely miss Grinder.
Grinder is moderately wounded.
Grinder barely misses you.
You closely miss Grinder.
Grinder is moderately wounded.
Grinder hits you but does no damage. Grinder hits you.
You writhe in agony.
You barely miss Grinder.
Grinder is moderately wounded.
Grinder hits you!
You writhe in agony.
* * * LOW HITPOINT WARNING * * *
You hit Grinder.
Grinder is moderately wounded.
Grinder hits you!
You die...

#...~~§≈... #####
#...§§.§.# ....#
#...§~.≈.# ....#
#...§..§.#..
....#####
#...........
....#...#
#.##.#.#.#.
###.#...#####.##.#
#.#†........##)#
#.#...........@#
#.............5#
###........#......
####.....###)....
#.....# ...... ##
#.....# ....## .##
####### ....#
..#### #....#
#.)..#


You could see Grinder.

Vanquished Creatures
  A worm (D:2)
  2 dart slugs
  5 orcs (D:3)
  7 ball pythons
  6 bats
  9 endoplasms
  A giant cockroach (D:3)
  9 goblins
  5 hobgoblins
  4 frilled lizards
  5 kobolds
  5 rats
59 creatures vanquished.

Notes
Turn   | Place    | Note
-------+----------+-------------------------------------------
     0 | D:1      | MisterFreud the Formicid Gladiator began the quest for the
                  | Orb.
     0 | D:1      | Reached XP level 1. HP: 16/16 MP: 1/1
    60 | D:1      | Reached XP level 2. HP: 20/22 MP: 2/2
   502 | D:1      | Reached skill level 4 in Staves
   502 | D:1      | Reached XP level 3. HP: 19/27 MP: 3/3
  1642 | D:2      | Reached XP level 4. HP: 31/33 MP: 4/4
  1799 | D:2      | Found a faded altar of an unknown god.
  2141 | D:3      | Reached skill level 5 in Staves
  2298 | D:3      | Found a stormy altar of Qazlal.
  2303 | D:3      | Noticed Grinder
  2314 | D:3      | Slain by Grinder

Illustrated notes

Levels and vault maps discovered:
D:1:      eino_arrival_cavern_e, layout_loops_ring, minmay_box_of_dots
D:2:      layout_basic, basic_ecumenical_altar
D:3:      layout_basic, nicolae_qazlal_scattered_showers, uniq_grinder

Skill      XL: |  1  2  3  4 |
---------------+-------------+-----
Staves         | 4 5 |  5.0
Fighting       | |  2.1
Throwing       | |  2.0
Dodging        | |  2.6

Action                   |  1- 3 |  4- 6 || total
-------------------------+-------+-------++-------
Melee: Quarterstaff      |   118 |    51 ||   169
  Use: Scroll            |     3 |     6 ||     9
Armor: Leather armour    |    16 |       ||    16
       Chain mail        |    24 |    22 ||    46
Dodge: Dodged            |    67 |    18 ||    85
